 Dungeon Crawl Stone Soup version 0.30.1-11-g7821555f0a (webtiles) character file.

Game seed: 3056155704501549715

2043082 Wyvric the Evocator (level 27, 267/267 HPs)
             Began as an Armataur Artificer on Nov 20, 2023.
             Was an Initiate of Gozag.
             Escaped with the Orb
             ... and 4 runes on Nov 21, 2023!
             The game lasted 05:51:02 (89956 turns).

Wyvric the Evocator (Armataur Artificer)           Turns: 89956, Time: 05:51:03

Health: 267/267    AC: 55    Str: 39    XL:     27
Magic:  23/23      EV:  4    Int:  9    God:    Gozag
Gold:   1963       SH: 23    Dex: 13    Spells: 20/26 levels left

rFire   + + +        a - +9 sacred scourge (holy)
rCold   . . .        m - +5 kite shield {AC+3}
rNeg    + + .        j - +11 gold dragon scales of Relativism {rElec rPois rF+ rC+ Int-4 Dex+3 Slay+5}
rPois   +            M - +0 helmet of the King of the Hill {Fly Str+3 Dex-4}
rElec   +            x - +2 cloak {Will+}
rCorr   +            W - +0 pair of gloves "Rirchoikhe" {Will+ Str+6 Int-5}
SInv    .            H - +6 lightning scales {swift, rElec}
Will    ++++.        w - amulet of reflection Stlth
                     F - ring of Midsummer {*Corrode rF+ rN++ Str+6}
HPRegen 0.64/turn    U - ring "Esol Sud" {Fire rCorr Int+2 Slay+3}
MPRegen 0.18/turn

%: corrode self (3%), reflection, roll
@: flying, studying 2 skills, quick
A: large, rugged brown scales 3, deformed body, armoured tail, roll, long
tongue, awkward tongue, screaming 1
0: Orb of Zot
}: 4/15 runes: decaying, serpentine, slimy, silver
a: Renounce Religion, Potion Petition, Call Merchant, Bribe Branch


You escaped.
You worshipped Gozag.
Gozag was most pleased with you.
You visited 13 branches of the dungeon, and saw 55 of its levels.
You also visited: Trove, Volcano and Wizlab.

You collected 30550 gold pieces.
You spent 7788 gold pieces at shops.
You paid 20799 gold pieces to Gozag.

Inventory:

Hand Weapons
 a - a +9 sacred scourge of holy wrath (weapon)
Missiles
 c - 11 curare-tipped darts
 q - a silver javelin
 u - 11 datura-tipped darts
 I - 3 throwing nets
 K - 11 javelins
 V - 29 atropa-tipped darts
Armour
 j - the +11 gold dragon scales of Relativism (worn) {rElec rPois rF+ rC+ Int-4 Dex+3 Slay+5}
   (You bought it in a shop on level 13 of the Dungeon)

   Int:       It affects your intelligence (-4).
   Dex:       It affects your dexterity (+3).
   Slay:      It affects your accuracy & damage with ranged weapons and melee
   (+5).
   rF:        It protects you from fire.
   rC:        It protects you from cold.
   rElec:     It insulates you from electricity.
   rPois:     It protects you from poison.
 m - a +5 kite shield of protection (worn)
 x - a +2 cloak of willpower (worn)
 H - the +6 lightning scales (worn) {swift, rElec}
   (You found it in a treasure trove)

   Swift:     It allows the wearer to cover ground more swiftly.
   rElec:     It insulates you from electricity.
 M - the +0 helmet of the King of the Hill (worn) {Fly Str+3 Dex-4}
   (You bought it in a shop on level 5 of the Vaults)

   Str:       It affects your strength (+3).
   Dex:       It affects your dexterity (-4).
   Fly:       It grants you flight.
 W - the +0 pair of gloves "Rirchoikhe" (worn) {Will+ Str+6 Int-5}
   (You found it on level 2 of the Swamp)

   Str:       It affects your strength (+6).
   Int:       It affects your intelligence (-5).
   Will:      It increases your willpower.
Jewellery
 w - an amulet of reflection (around neck)
 F - the ring of Midsummer (left hand) {*Corrode rF+ rN++ Str+6}
   (You took it off a deep elf pyromancer on level 3 of the Elven Halls)

   [ring of strength]

   Str:       It affects your strength (+6).
   rF:        It protects you from fire.
   rN:        It greatly protects you from negative energy.
   *Corrode:  It may corrode you when you take damage.
 U - the ring "Esol Sud" (right hand) {Fire rCorr Int+2 Slay+3}
   (You found it on level 5 of the Pits of Slime)

   [ring of fire]

   It enhances your fire magic.
   Int:       It affects your intelligence (+2).
   Slay:      It affects your accuracy & damage with ranged weapons and melee
   (+3).
   rF:        It protects you from fire.
   rC:        It makes you vulnerable to cold.
   rCorr:     It protects you from acid and corrosion.
Wands
 e - a wand of iceblast (37)
 o - a wand of mindburst (9)
 D - a wand of digging (1)
 G - a wand of light (10)
 O - a wand of charming (3)
 Q - a wand of paralysis (36)
 R - a wand of polymorph (31)
Scrolls
 g - 5 scrolls of fear
 i - 2 scrolls of summoning
 p - 3 scrolls of silence
 t - 16 scrolls of teleportation
 z - 10 scrolls of fog
 A - 4 scrolls of immolation
 B - 14 scrolls of blinking
 N - 9 scrolls of poison
 Z - 14 scrolls of vulnerability
Potions
 d - 7 potions of might
 h - 5 potions of haste
 k - 25 potions of curing
 l - 19 potions of heal wounds
 n - 9 potions of resistance
 r - 10 potions of mutation
 s - 11 potions of attraction
 y - 13 potions of lignification
 L - 3 potions of berserk rage
 S - 5 potions of cancellation
 T - 5 potions of invisibility
 Y - 5 potions of flight
Miscellaneous
 f - a phantom mirror
 v - a phial of floods
 C - a condenser vane
 J - a lightning rod (4/4)
 P - a box of beasts


   Skills:
 - Level 21.0 Fighting
 - Level 14.0 Short Blades
 - Level 15.0 Maces & Flails
 - Level 20.0 Throwing
 - Level 20.0 Armour
 - Level 2.0 Dodging
 - Level 12.0 Stealth
 - Level 15.0 Shields
 - Level 8.0 Ice Magic
 * Level 24.9 Evocations


You had 20 spell levels left.
You knew the following spells:

 Your Spells              Type           Power      Damage    Failure   Level
c - Frozen Ramparts       Ice            28%        1d5       34%         3
u - Ozocubu's Armour      Ice            14%        N/A       34%         3

Your spell library contained the following spells:

 Spells                   Type           Power      Damage    Failure   Level
 Freeze                   Ice            56%        1d7       12%         1
 Ensorcelled Hibernation  Hex/Ice        14%        N/A       67%         2
 Hailstorm                Conj/Ice       7%         3d4       88%         3
 Apportation              Tloc           0%         N/A       97%         1
 Kiss of Death            Conj/Necr      0%         2d5       97%         1
 Magic Dart               Conj           0%         1d3       97%         1
 Necrotise                Necr           0%         1d4       97%         1
 Shock                    Conj/Air       0%         1d3       97%         1
 Sting                    Tmut/Pois      0%         1d3       97%         1
 Summon Small Mammal      Summ           0%         N/A       97%         1
 Blink                    Tloc           0%         N/A       99%         2
 Call Imp                 Summ           0%         N/A       99%         2
 Cigotuvi's Dreadful Rot  Necr/Pois/Air  0%         N/A       99%         2
 Poisonous Vapours        Pois/Air       0%         N/A       99%         2
 Searing Ray              Conj           0%         2d4       99%         2
 Static Discharge         Conj/Air       0%         2-2/arc   99%         2
 Sublimation of Blood     Necr           0%         N/A       99%         2
 Wereblood                Tmut           0%         N/A       99%         2
 Confusing Touch          Hex            0%         N/A       100%        3
 Dazzling Flash           Conj/Hex       0%         N/A       100%        3
 Gell's Gravitas          Tloc           0%         N/A       100%        3
 Mephitic Cloud           Conj/Pois/Air  0%         N/A       100%        3
 Spider Form              Tmut/Pois      0%         N/A       100%        3
 Summon Guardian Golem    Hex/Summ       0%         N/A       100%        3
 Swiftness                Air            0%         N/A       100%        3
 Teleport Other           Tloc           0%         N/A       100%        3
 Tukima's Dance           Hex            0%         N/A       100%        3
 Vampiric Draining        Necr           0%         2d6       100%        3
 Volatile Blastmotes      Fire/Tloc      0%         2d10      100%        3
 Airstrike                Air            0%         2d(0-16)  100%        4
 Anguish                  Hex/Necr       0%         N/A       100%        4
 Animate Armour           Summ/Erth      0%         N/A       100%        4
 Cause Fear               Hex            0%         N/A       100%        4
 Dispel Undead            Necr           0%         3d6       100%        4
 Fulminant Prism          Conj/Hex       0%         3d5       100%        4
 Iskenderun's Mystic Bla  Conj/Tloc      0%         2d3       100%        4
 Manifold Assault         Tloc           0%         N/A       100%        4
 Olgreb's Toxic Radiance  Pois           0%         N/A       100%        4
 Passage of Golubria      Tloc           0%         N/A       100%        4
 Petrify                  Tmut/Erth      0%         N/A       100%        4
 Summon Lightning Spire   Summ/Air       0%         N/A       100%        4
 Agony                    Necr           0%         N/A       100%        5
 Borgnjor's Vile Clutch   Necr/Erth      0%         N/A       100%        5
 Freezing Cloud           Conj/Ice/Air   2%         6-21      100%        5
 Irradiate                Conj/Tmut      0%         3d11      100%        5
 Iskenderun's Battlesphe  Conj           0%         2d6       100%        5
 Lee's Rapid Deconstruct  Erth           0%         3d4*      100%        5
 Metabolic Englaciation   Hex/Ice        3%         N/A       100%        5
 Silence                  Hex/Air        0%         N/A       100%        5
 Summon Mana Viper        Hex/Summ       0%         N/A       100%        5
 Yara's Violent Unravell  Hex/Tmut       0%         3d3       100%        5
 Death Channel            Necr           0%         N/A       100%        6
 Dispersal                Tloc           0%         N/A       100%        6
 Iron Shot                Conj/Erth      0%         9d1       100%        6
 Plasma Beam              Fire/Air       0%         2x1d11    100%        6
 Starburst                Conj/Fire      0%         6d3       100%        6
 Statue Form              Tmut/Erth      0%         N/A       100%        6
 Malign Gateway           Summ/Tloc      0%         N/A       100%        7
 Monstrous Menagerie      Summ           0%         N/A       100%        7
 Orb of Destruction       Conj           0%         9d5       100%        7
 Ozocubu's Refrigeration  Ice            7%         4d9       100%        7
 Spellforged Servitor     Conj/Summ      0%         N/A       100%        7
 Summon Hydra             Summ           0%         N/A       100%        7
 Borgnjor's Revivificati  Necr           0%         N/A       100%        8
 Lehudib's Crystal Spear  Conj/Erth      0%         10d2      100%        8
 Necromutation            Tmut/Necr      0%         N/A       100%        8
 Summon Horrible Things   Summ           0%         N/A       100%        8
 Fire Storm               Conj/Fire      0%         5d1       100%        9
 Polar Vortex             Ice            7%         N/A       100%        9
 Simulacrum               Ice/Necr       Unusable   N/A       N/A         6

Dungeon Overview and Level Annotations

Branches:
Dungeon (15/15)            Temple (1/1) D:6            Lair (5/5) D:11
  Swamp (4/4) Lair:3        Snake (4/4) Lair:3        Slime (5/5) Lair:4
    Orc (2/2) D:11            Elf (3/3) Orc:2        Vaults (5/5) D:13
  Crypt (1/3) Vaults:2     Depths (4/4) D:15           Hell (visited)
    Zot (5/5) Depths:4    Volcano (visited)          WizLab (visited)
    Dis: Hell:1         Geh: Hell:1         Coc: Hell:1         Tar: Hell:1

Altars:
Ashenzari
Cheibriados
Dithmenos
Elyvilon
Fedhas
Gozag
Hepliaklqana
Kikubaaqudgha
Makhleb
Nemelex Xobeh
Okawaru
Qazlal
Ru
Sif Muna
Trog
Uskayaw
Vehumet
Wu Jian
Xom
Yredelemnul
Zin
The Shining One
Jiyva

Shops:
D:8 :   D:11 (?=   D:13 [   D:15 **   Orc:2 [*[*   Elf:1 ==:   Elf:3 ((
Snake:2 [*?   Snake:3 (   Snake:4 *[   Vaults:2 =   Vaults:3 [   Vaults:4 [:(!:
Vaults:5 [   Depths:4 (

Portals:
Hell: Depths:1 Depths:2 Depths:3 Depths:4
Abyss: Depths:1 Depths:3
Pandemonium: Depths:2
Ziggurat: Depths:4

Annotations:
Crypt:1 Sojobo


Innate Abilities, Weirdness & Mutations

You are completely covered in rugged brown scales. (AC +3, +7% HP)
Armour fits poorly on your strangely shaped body.
You have a long armoured tail.
You roll when moving toward enemies. (Rampage)
Your long tongue fully drains potion bottles. (2x potion effects)
Your tongue gives you trouble enunciating. (1.5x scroll delay)
You occasionally shout uncontrollably at your foes.


Message History

You block the sixfirhy's attack.
There is a stone staircase leading up here.
The sixfirhy hits you but does no damage.
The sixfirhy is distracted by your dazzling golden aura.
You fly upwards.
There is a stone staircase leading down here.
You punish the sixfirhy, causing immense pain!!!
You kill the sixfirhy!
You now have 1963 gold pieces (gained 5).
There is a stone staircase leading down here.
You see here a +0 flail.
There is a stone staircase leading up here.
You fly upwards.
There is a stone staircase leading down here.
There is a stone staircase leading up here.
You fly upwards.
There is a stone staircase leading down here.
There is a stone staircase leading down here.
A smoke demon comes into view.
The smoke demon roars!
The smoke demon gestures at you. The sticky flame misses you.
You whack the smoke demon!
The smoke demon convulses.
You tail-slap the smoke demon! You block the smoke demon's attack. x3
You punish the smoke demon, causing immense pain!!!
You kill the smoke demon!
A red devil comes into view. It is wielding a +0 trident.
You roll towards the red devil!
You roll towards the red devil!
You block the red devil's attack.
You thrash the red devil!!
The red devil convulses.
You block the red devil's attack.
You miss the red devil.
You tail-slap the red devil, but do no damage.
You thrash the red devil!!
You kill the red devil!
You see here a +0 club.
There is a large open door, spattered with blood here.
You see here a +0 dagger.
There is a staircase leading out of the dungeon here.
You have escaped!

#PP~~≈~.P#
#P~P≈≈~≈.#
#≈≈≈~≈~.##
#P≈≈≈≈.##
#~~≈≈~.~#
#P~≈≈≈~.#
#P~≈≈≈.P#
#
#≈≈~≈..###
###
#P~≈≈~~.@#
#.†
##########
#.# #.#
#.. ###


There were no monsters in sight!

Vanquished Creatures
  the Royal Jelly (Slime:5)
  5 dread liches
  3 orbs of fire
  2 ancient liches (Vaults:5)
  Mara (Swamp:4)
  2 juggernauts
  Boris (twice) (Vaults:3 Depths:3)
  the Lernaean hydra (Swamp:4)
  A curse toe (Zot:2)
  Vashnia (Snake:2)
  Saint Roka (Snake:2)
  14 golden dragons
  4 caustic shrikes (Depths:4)
  2 bone dragons (Depths:4)
  3 doom hounds (Depths:2)
  2 electric golems
  9 tentacled monstrosities
  3 liches
  An Orb Guardian (Zot:5)
  Mlioglotl (Swamp:1)
  A walking frostbound tome (Depths:3)
  5 titans
  Grunn (Depths:2)
  2 deep elf blademasters
  5 quicksilver dragons
  A walking divine tome (Depths:3)
  3 deep elf master archers (Elf:3)
  4 death cobs
  15 acid blobs
  3 sphinxes
  An Executioner (D:4)
  10 tengu reavers
  Kirke (D:15)
  Frances (Snake:2)
  9 storm dragons
  The ghost of Adoajy the Bludgeoner, an adept DsWr of Ru (Vaults:3)
  3 shadow dragons
  4 nagarajas
  A thorn hunter (Swamp:3)
  An azure jelly (shapeshifter) (Depths:2)
  12 rockslimes
  Donald (Swamp:4)
  A fenstrider witch (Swamp:4)
  2 iron dragons
  2 draconian knights
  9 frost giants
  A balrug (Depths:4)
  5 azure jellies
  24 vault wardens
  9 deep elf sorcerers
  Louise (Swamp:1)
  A draconian monk (Zot:1)
  2 draconian scorchers (Zot:1)
  5 fire giants
  5 ghost moths
  Aizul (Snake:2)
  4 deep elf elementalists (Elf:3)
  2 draconian stormcallers
  2 reapers (Depths:4)
  2 orc warlords (Orc:1)
  A draconian annihilator (Zot:2)
  A draconian shifter (Depths:4)
  18 stone giants
  2 war gargoyles
  A caustic shrike skeleton (Depths:1)
  12 ironbound preservers
  A broodmother (shapeshifter) (Vaults:5)
  A stone giant (shapeshifter) (D:13)
  9 quicksilver oozes
  6 green draconians
  32 very ugly things
  9 ironbound thunderhulks
  6 eleionomae
  3 vampire knights
  8 deep elf demonologists
  10 dire elephants
  12 deep elf annihilators
  2 black draconians
  4 bunyips
  5 spark wasps
  Nessos (D:13)
  3 white draconians
  5 purple draconians
  The ghost of ababab the Jinx, a journeyman FeEn of Dithmenos (D:15)
  8 red draconians
  2 yellow draconians
  3 deep elf death magi (Elf:3)
  An eidolon (Vaults:4)
  10 deep elf high priests
  2 crystal guardians (Vaults:4)
  11 ettins
  2 green deaths (Snake:1)
  13 fire dragons
  4 entropy weavers
  3 rakshasas (Depths:1)
  The ghost of laros the Cleaver, a journeyman MiBe of Trog (D:10)
  Fannar (Lair:3)
  11 yaktaur captains
  2 salamander tyrants
  18 great orbs of eyes
  4 peacekeepers
  A ghost crab (Swamp:4)
  8 ironbound frosthearts
  20 hydras
  4 ice dragons
  33 vault guards
  9 anacondas
  5 ogre magi
  3 boulder beetles
  7 alligators
  24 two-headed ogres
  16 centaur warriors
  28 dancing weapons
  7 deep troll earth magi
  10 tengu warriors
  10 death yaks
  19 naga warriors
  2 deep troll shamans (Depths:1)
  20 hell knights
  6 spriggan berserkers
  Urug (D:13)
  6 shock serpents
  18 deep elf knights
  23 naga sharpshooters
  2 skysharks
  A death drake (Swamp:3)
  A salamander mystic (Snake:4)
  A shadow wraith (Vaults:4)
  3 goliath frogs
  A sea snake (shapeshifter) (Vaults:5)
  A sixfirhy (D:3)
  13 swamp dragons
  4 spectral hydras (Swamp:3)
  13 bog bodies
  8 iron trolls
  7 spriggan druids
  8 glowing orange brains
  44 deep trolls
  11 naga ritualists
  An obsidian statue (D:13)
  9 deep elf archers
  6 flayed ghosts
  A swamp dragon (shapeshifter) (Vaults:5)
  14 ironbound convokers
  6 wizards
  A golden dragon skeleton (Depths:1)
  2 orange crystal statues
  A tengu zombie (Vaults:2)
  11 necromancers
  A steelbarb worm (shapeshifter) (Depths:1)
  A human zombie (Vaults:1)
  5 lindwurms (Vaults:3)
  9 mana vipers
  8 phantasmal warriors
  A harpy (shapeshifter) (D:15)
  6 harpies (Vaults:2)
  A wolf spider (shapeshifter) (Vaults:5)
  10 manticores
  34 deep elf pyromancers
  An orc sorcerer (Snake:2)
  29 deep elf zephyrmancers
  An orc knight (D:15)
  3 shining eyes
  10 moths of wrath
  39 ugly things
  2 goliath frog zombies (Swamp:3)
  7 will-o-the-wisps
  9 salamanders
  2 shining eyes (shapeshifter)
  A wolf spider (Lair:5)
  2 spectral centaurs (D:10)
  8 centaur zombies (D:10)
  6 cyclopes
  10 guardian serpents
  14 vault sentinels
  A frost giant skeleton (Vaults:2)
  20 naga magi
  A rust devil (Depths:2)
  5 eyes of devastation
  A human skeleton (Vaults:1)
  43 black mambas
  A smoke demon (D:1)
  15 cane toads
  2 gargoyles (D:14)
  2 elf zombies
  A hellion (Depths:2)
  3 rime drakes
  13 komodo dragons
  2 tengu conjurers
  2 freezing wraiths
  36 yaktaurs
  3 swamp worm zombies (Swamp:3)
  A minotaur skeleton (Crypt:1)
  2 red devils
  A troll (shapeshifter) (D:14)
  A polar bear (Lair:3)
  A hellwing (Depths:2)
  9 hornets
  A polar bear (shapeshifter) (Vaults:5)
  A sphinx simulacrum (Vaults:1)
  A bloated husk (Swamp:2)
  15 trolls
  6 tyrant leeches
  13 blink frogs
  2 spectral swamp dragons (Swamp:3)
  Prince Ribbit (D:7)
  4 dream sheep (Lair:4)
  3 alligator zombies (Swamp:3)
  A frost giant simulacrum (Depths:1)
  A meliai zombie (D:10)
  6 shadows
  87 slime creatures
  5 centaur simulacra (D:10)
  2 jumping spiders (shapeshifter)
  4 vampires
  11 wyverns
  An ettin skeleton (Vaults:1)
  10 water elementals
  2 large abominations (Swamp:3)
  2 air elementals (Elf:2)
  A culicivora (Vaults:5)
  7 spriggans
  4 fire elementals
  11 wraiths
  8 golden eyes
  8 yaks
  4 basilisks
  3 tyrant leech zombies (Swamp:3)
  5 hogs
  16 humans (D:13)
  A redback (shapeshifter) (Vaults:3)
  6 steam dragons
  2 chaos spawn (Depths:2)
  9 vampire mosquitoes
  Menkaure (D:4)
  33 nagas
  9 redbacks
  17 wargs
  23 swamp worms
  A hell hound (Snake:3)
  29 water moccasins
  7 acid dragons
  10 swamp drakes
  22 orc warriors
  2 sky beasts
  3 ice beasts
  4 black bears
  3 boggarts (Vaults:3)
  10 centaurs
  31 wolves
  27 ogres
  2 phantoms
  9 bullfrogs
  2 kobold brigands (D:7)
  An earth elemental (Elf:2)
  A gnoll sergeant (D:8)
  7 scorpions
  13 wights
  6 troll zombies (Swamp:3)
  A spriggan zombie (Swamp:3)
  5 killer bees
  9 howler monkeys
  4 electric eels
  13 jellies
  A gnoll bouda (D:4)
  13 orc priests
  10 hounds
  2 sleepcaps (D:8)
  6 iguanas
  12 orc wizards
  4 hell rats (Lair:5)
  2 howler monkey zombies (D:10)
  8 gnolls
  6 adders
  3 shadow imps
  A white imp (D:7)
  2 ufetubi
  3 worms
  55 orcs
  6 ball pythons
  11 endoplasms
  5 giant cockroaches
  8 hobgoblins
  7 jackals
  3 quokkas
  4 bats
  2 frilled lizards
  10 goblins
  A goblin zombie (D:7)
  A hobgoblin zombie (D:7)
  17 kobolds
  2 kobold skeletons (D:7)
  2 kobold zombies (D:7)
  An orc skeleton (D:7)
  An orc zombie (D:7)
  4 rats
  5 butterflies
  A spectral weapon (Swamp:4)
2095 creatures vanquished.

Vanquished Creatures (collateral kills)
  An ancient lich (Zot:5)
  2 dread liches (Zot:5)
  An orb of fire (Zot:5)
  Mennas (Vaults:3)
  6 Killer Klowns (Zot:5)
  3 electric golems (Zot:5)
  2 tentacled monstrosities (Zot:5)
  22 Orb Guardians (Zot:5)
  A quicksilver dragon (Zot:2)
  A death cob (Zot:5)
  3 storm dragons
  A shadow dragon (Zot:5)
  An iron dragon (Zot:4)
  2 draconian annihilators (Zot:5)
  2 draconian scorchers (Zot:5)
  2 ghost moths
  A draconian shifter (Zot:5)
  A demonspawn corrupter (Zot:4)
  4 black draconians (Zot:5)
  2 purple draconians
  A white draconian (Zot:5)
  A yellow draconian (Zot:5)
  A red draconian (Zot:5)
  2 fire dragons (Zot:4)
  Pikel (D:7)
  An obsidian statue (Zot:5)
  6 moths of wrath
  2 komodo dragons (Lair:2)
  An ice devil (Zot:5)
  A blink frog (Lair:2)
  An ogre (D:4)
  A wolf (Lair:3)
  A lemure (D:7)
  A bullfrog (Lair:3)
  An orc wizard (D:5)
  An orc (D:5)
82 creatures vanquished.

Vanquished Creatures (others)
  An orb of fire (Zot:5)
  An ancient lich (Zot:4)
  2 Orb Guardians (Zot:5)
  2 draconian monks (Zot:2)
  A deep elf sorcerer (Elf:3)
  A draconian knight (Zot:4)
  2 draconian scorchers (Zot:2)
  A draconian shifter (Zot:4)
  3 draconian annihilators
  A green draconian (Zot:2)
  3 yellow draconians
  A black draconian (Zot:2)
  2 white draconians
  3 red draconians (Zot:2)
  A vault guard (Vaults:5)
  An ice dragon (Zot:4)
  An alligator (Swamp:2)
  A two-headed ogre (Volcano)
  2 deep elf knights
  A naga ritualist (Snake:4)
  A wizard (Vaults:4)
  A deep elf zephyrmancer (Elf:1)
  4 moths of wrath (Zot:4)
  A yaktaur (Vaults:5)
  3 bloated husks
  A blink frog (Lair:2)
  2 spriggans (Swamp:4)
  2 swamp drakes (Swamp:4)
  An orc wizard (D:7)
  An orc (D:5)
  31 foxfires
  14 spectral weapons
93 creatures vanquished.

Grand Total: 2270 creatures vanquished

Notes
Turn   | Place    | Note
-------+----------+-------------------------------------------
     0 | D:1      | Wyvric the Armataur Artificer began the quest for the Orb.
     0 | D:1      | Reached XP level 1. HP: 16/16 MP: 1/1
    39 | D:1      | Reached skill level 1 in Fighting
   363 | D:1      | Reached XP level 2. HP: 22/24 MP: 2/2
  1206 | D:2      | Reached XP level 3. HP: 29/29 MP: 3/3
  1583 | D:2      | Identified the +4 whip of the Shoals {heavy, *Noise rN+++
                  | rCorr Int-2}
  1723 | D:2      | Reached skill level 4 in Evocations
  2406 | D:3      | Found an opulent altar of Gozag.
  2444 | D:3      | Became a worshipper of Gozag Ym Sagoz the Greedy
  2518 | D:3      | Reached XP level 4. HP: 38/38 MP: 4/4
  2931 | D:3      | Reached skill level 1 in Short Blades
  3187 | D:3      | Found an opulent altar of Gozag.
  3825 | D:4      | Reached XP level 5. HP: 36/43 MP: 5/5
  4146 | D:4      | Found a burning altar of Makhleb.
  4185 | D:4      | Noticed a black bear
  4270 | D:4      | Killed a black bear
  4271 | D:4      | Reached XP level 6. HP: 51/51 MP: 6/6
  4385 | D:4      | Noticed Menkaure
  4503 | D:4      | Reached skill level 1 in Dodging
  4687 | D:4      | Found a blossoming altar of Fedhas.
  4687 | D:4      | Found an ancient bone altar of Kikubaaqudgha.
  4771 | D:5      | Entered Level 5 of the Dungeon
  4849 | D:5      | Noticed an ice beast
  4910 | D:5      | Killed an ice beast
  4911 | D:5      | Reached skill level 5 in Short Blades
  4911 | D:5      | Reached XP level 7. HP: 46/58 MP: 4/7
  5513 | D:6      | Reached skill level 5 in Stealth
  5513 | D:6      | Reached skill level 5 in Evocations
  6098 | D:6      | Reached XP level 8. HP: 56/66 MP: 8/8
  6326 | D:6      | Reached skill level 1 in Throwing
  6625 | D:6      | Found a bloodstained altar of Trog.
  6793 | D:6      | Found a staircase to the Ecumenical Temple.
  6816 | Temple   | Entered the Ecumenical Temple
  7629 | D:7      | Reached skill level 5 in Throwing
  7956 | D:7      | Reached XP level 9. HP: 74/75 MP: 9/9
  8442 | D:7      | Noticed Prince Ribbit
  8623 | D:7      | Reached skill level 6 in Evocations
  8859 | D:7      | Found a glowing golden altar of the Shining One.
  8967 | D:7      | Noticed Pikel
  9110 | D:7      | Killed Pikel
  9431 | D:7      | Killed Prince Ribbit
  9674 | D:8      | Found a runed translucent door.
  9687 | D:8      | Found a runed translucent door.
 10049 | D:8      | Reached skill level 1 in Shields
 10062 | D:8      | Reached XP level 10. HP: 69/83 MP: 8/10
 10228 | D:8      | Reached skill level 5 in Fighting
 10508 | D:8      | Found Iboics's Book Shop.
 10524 | D:8      | Found an ornate altar of the Wu Jian Council.
 11012 | D:9      | Reached skill level 5 in Shields
 11246 | D:9      | Paralysed by a hornet for 2 turns
 11764 | D:10     | Entered Level 10 of the Dungeon
 12178 | D:10     | Identified the +1 ring mail of Divine Intervention {Int+2}
 12196 | D:10     | Found a hazy altar of Hepliaklqana.
 12280 | D:10     | Reached skill level 5 in Armour
 12722 | D:10     | Found a runed translucent gate.
 12722 | D:10     | Found a runed translucent gate.
 12751 | D:10     | Reached XP level 11. HP: 95/95 MP: 11/11
 13055 | D:10     | Noticed a two-headed ogre
 13101 | D:10     | Found a runed translucent gate.
 13103 | D:10     | Noticed laros's ghost (journeyman MiBe)
 13152 | D:10     | Found a shadowy altar of Dithmenos.
 13740 | D:10     | Killed a two-headed ogre
 13809 | D:10     | Noticed a two-headed ogre
 14037 | D:10     | Killed a two-headed ogre
 14230 | D:11     | Noticed a two-headed ogre
 14312 | D:10     | Killed a two-headed ogre
 14400 | D:11     | Noticed a brown ugly thing
 14437 | D:11     | Killed a brown ugly thing
 14807 | D:11     | Found a staircase to the Orcish Mines.
 15369 | D:11     | Found a staircase to the Lair.
 15687 | Lair:1   | Entered Level 1 of the Lair of Beasts
 15746 | Lair:1   | You fall into a shaft and drop 1 floor!
 15989 | Lair:2   | Learned a level 3 spell: Frozen Ramparts
 16004 | Lair:2   | Learned a level 3 spell: Ozocubu's Armour
 16137 | Lair:2   | Reached skill level 1 in Ice Magic
 16157 | Lair:2   | Reached skill level 10 in Stealth
 16322 | Lair:2   | Reached XP level 12. HP: 102/102 MP: 12/12
 16505 | Lair:1   | Reached skill level 10 in Short Blades
 17304 | Lair:1   | Reached skill level 5 in Ice Magic
 19221 | Lair:3   | Identified 3 scrolls of acquirement
 19221 | Lair:3   | Acquired a manual of Fighting
 19591 | Lair:3   | Found a staircase to the Swamp.
 19673 | Lair:3   | Noticed Fannar
 19719 | Lair:3   | Found a staircase to the Snake Pit.
 19774 | Lair:3   | Found a dark tunnel.
 19780 | Volcano  | Entered a volcano
 19815 | Volcano  | Noticed an ogre mage
 19829 | Volcano  | Acquired a manual of Throwing
 19831 | Volcano  | Acquired a +0 barding of stealth
 19878 | Volcano  | Killed an ogre mage
 19879 | Volcano  | Reached skill level 10 in Fighting
 19882 | Volcano  | Found a burning altar of Makhleb.
 19883 | Volcano  | Noticed a two-headed ogre
 19885 | Volcano  | Killed a two-headed ogre
 19896 | Volcano  | Noticed a two-headed ogre
 19897 | Volcano  | Killed a two-headed ogre
 19901 | Volcano  | Noticed a two-headed ogre
 19902 | Volcano  | Noticed a two-headed ogre
 19919 | Volcano  | Killed a two-headed ogre
 19936 | Volcano  | Killed a two-headed ogre
 20052 | Volcano  | Noticed a two-headed ogre
 20052 | Volcano  | Noticed a two-headed ogre
 20057 | Volcano  | Killed a two-headed ogre
 20185 | Lair:3   | Killed Fannar
 20186 | Lair:3   | Reached XP level 13. HP: 91/127 MP: 11/13
 22256 | Lair:4   | Found a viscous altar of Jiyva.
 22259 | Lair:4   | Found a staircase to the Slime Pits.
 22593 | Lair:4   | Reached skill level 15 in Fighting
 22952 | Lair:5   | Entered Level 5 of the Lair of Beasts
 24236 | Lair:5   | Reached skill level 10 in Shields
 24265 | Lair:5   | Reached XP level 14. HP: 74/144 MP: 1/14
 29703 | D:4      | Killed Menkaure
 31699 | D:13     | Noticed Nessos
 31699 | D:13     | Noticed Urug
 31699 | D:13     | Found a gate to the Vaults.
 32088 | D:13     | Killed Urug
 32480 | D:13     | Noticed a stone giant
 32505 | D:13     | an alligator snapping turtle changed into a stone giant
 32505 | D:13     | Noticed a stone giant (shapeshifter)
 32540 | D:13     | Killed a stone giant
 32835 | D:13     | Found Naocwyrph's Antique Armour Shoppe.
 33117 | D:13     | Killed Nessos
 33275 | D:13     | Bought masterwork gold dragon scales for 2465 gold pieces
 33275 | D:13     | Identified the +11 gold dragon scales of Relativism {rElec
                  | rPois rF+ rC+ Int-4 Dex+3 Slay+5} (You bought it in a shop
                  | on level 13 of the Dungeon)
 33735 | D:14     | Reached XP level 15. HP: 150/150 MP: 15/15
 33948 | D:14     | Found a white marble altar of Elyvilon.
 34041 | D:14     | Found a runed translucent door.
 34442 | D:14     | Found a runed translucent door.
 34585 | D:14     | Paralysed by something for 3 turns
 34689 | Orc:1    | Entered Level 1 of the Orcish Mines
 35061 | Orc:2    | Entered Level 2 of the Orcish Mines
 35169 | Orc:2    | Found a staircase to the Elven Halls.
 35347 | Orc:2    | Found Yraweipy's Mass Market.
 35359 | Orc:2    | Reached skill level 15 in Shields
 35996 | Orc:2    | Reached skill level 10 in Throwing
 36024 | Orc:2    | Found Weon's Antique Armour Boutique.
 36037 | Orc:2    | Found Lideaskuts's General Store.
 36048 | Orc:2    | Bought a pair of runed gloves for 240 gold pieces
 36126 | Orc:2    | Found Xoelutu's Antique Armour Shop.
 36127 | Orc:2    | Found Bieg's Distillery.
 37147 | D:11     | Bought the ring of Sucvipyx {rF- rCorr AC+4 Slay+3} for
                  | 1084 gold pieces
 37226 | Snake:1  | Entered Level 1 of the Snake Pit
 37338 | Snake:1  | Found a runed translucent door.
 37365 | Snake:1  | Noticed a nagaraja
 37387 | Snake:1  | Killed a nagaraja
 37394 | Snake:1  | Reached skill level 10 in Armour
 38065 | Snake:1  | Reached XP level 16. HP: 127/159 MP: 16/16
 38984 | Snake:2  | Noticed Vashnia
 39002 | Snake:2  | Killed Vashnia
 39395 | Snake:2  | Noticed Frances
 39417 | Snake:2  | Noticed Saint Roka
 39423 | Snake:2  | Killed Frances
 39442 | Snake:2  | Killed Saint Roka
 39929 | Snake:2  | Noticed Aizul
 39965 | Snake:2  | Killed Aizul
 40334 | Snake:2  | Found Janus's Magic Scroll Boutique.
 40336 | Snake:2  | Found Geteafone's General Store.
 40338 | Snake:2  | Found Wemoasch's Armour Boutique.
 40704 | Snake:2  | Identified the +1 rapier "Raem" {freeze, *Rage Fragile
                  | Int+7 Dex+3}
 40946 | Snake:3  | Reached skill level 15 in Throwing
 41411 | Snake:3  | Found a shimmering altar of Xom.
 41613 | Snake:3  | Found Anacoog's Antique Weapon Boutique.
 42445 | Snake:4  | Entered Level 4 of the Snake Pit
 42482 | Snake:4  | Reached XP level 17. HP: 123/166 MP: 17/17
 43062 | Snake:4  | Reached skill level 15 in Armour
 43303 | Snake:4  | Found Kihogh's Antique Armour Shop.
 43303 | Snake:4  | Found Koivyisu's General Store.
 43317 | Snake:4  | Bought a scroll of magic mapping for 112 gold pieces
 44472 | Snake:4  | Reached skill level 7 in Evocations
 44736 | Snake:4  | Got a serpentine rune of Zot
 44846 | Snake:2  | Bought 2 curare-tipped darts for 48 gold pieces
 44846 | Snake:2  | Bought 2 atropa-tipped darts for 36 gold pieces
 44849 | Snake:2  | Bought a phial of floods for 800 gold pieces
 45078 | Orc:2    | Bought a runed helmet for 225 gold pieces
 45085 | Orc:2    | Bought a potion of heal wounds for 70 gold pieces
 45085 | Orc:2    | Bought a potion of curing for 42 gold pieces
 45085 | Orc:2    | Bought 2 potions of curing for 84 gold pieces
 45085 | Orc:2    | Bought 2 potions of curing for 84 gold pieces
 45085 | Orc:2    | Bought a potion of curing for 42 gold pieces
 45377 | D:10     | Killed laros's ghost
 45885 | D:13     | Reached skill level 8 in Evocations
 46388 | D:14     | Reached skill level 9 in Evocations
 46459 | D:14     | Found a white marble altar of Elyvilon.
 46599 | D:14     | Found a runed translucent door.
 47130 | D:15     | Entered Level 15 of the Dungeon
 47206 | D:15     | Found Mayh's General Store.
 47208 | D:15     | Found Boum Kaf's Specific Store.
 47216 | D:15     | Bought a scroll of magic mapping for 112 gold pieces
 47390 | D:15     | Noticed Kirke
 47474 | D:15     | Killed Kirke
 47733 | D:15     | Found a staircase to the Depths.
 47819 | D:15     | Found a runed translucent gate.
 47819 | D:15     | Found a runed translucent gate.
 47819 | D:15     | Found a runed translucent gate.
 47820 | D:15     | Found an iron altar of Okawaru.
 47820 | D:15     | Noticed ababab's ghost (journeyman FeEn)
 47821 | D:15     | Found the +3 salamander hide armour {Flames, rFlCloud rF++
                  | rC--}
 48354 | Elf:1    | Entered Level 1 of the Elven Halls
 48429 | Elf:1    | Reached skill level 10 in Evocations
 48689 | Elf:1    | Found Laptefi's Jewellery Emporium.
 48690 | Elf:1    | Found Deetata's Book Boutique.
 48691 | Elf:1    | Found Rugg's Jewellery Emporium.
 48918 | Elf:1    | Reached XP level 18. HP: 160/174 MP: 18/18
 48973 | Elf:1    | Got Inniraul's Almanac of Concussion
 49078 | Elf:1    | Reached skill level 11 in Evocations
 49650 | Elf:2    | Found a runed translucent gate.
 49650 | Elf:2    | Found a runed translucent gate.
 49662 | Elf:2    | Reached skill level 12 in Evocations
 49664 | Elf:2    | Found a runed translucent gate.
 49683 | Elf:2    | Paralysed by an air elemental for 1 turns
 49954 | Elf:2    | Paralysed by an air elemental for 1 turns
 49957 | Elf:2    | Paralysed by an air elemental for 1 turns
 50402 | Elf:2    | Reached skill level 13 in Evocations
 50917 | Elf:2    | Reached skill level 14 in Evocations
 51158 | Elf:3    | Entered Level 3 of the Elven Halls
 52279 | Elf:3    | Reached skill level 15 in Evocations
 52634 | Elf:3    | Reached XP level 19. HP: 162/181 MP: 19/19
 52647 | Elf:3    | Identified the +6 morningstar of Courage {freeze, *Corrode
                  | Str+3 Int+3}
 52699 | Elf:3    | Identified the +10 falchion "Pogoaraf" {drain, Int+5}
 52731 | Elf:3    | Identified the amulet of the Distant Future {Acrobat +Blink
                  | rElec}
 52891 | Elf:3    | Identified the ring of Midsummer {*Corrode rF+ rN++ Str+6}
 52919 | Elf:3    | Identified the ring "Isouf" {rCorr AC+4 Stlth+}
 52981 | Elf:3    | Identified the +4 battleaxe "Ekhli" {flame, Dex+3}
 52988 | Elf:3    | Identified the +1 morningstar "Grum" {heavy, rElec Will++
                  | Int-5}
 53007 | Elf:3    | Reached skill level 16 in Evocations
 53018 | Elf:3    | Identified the +5 acid dragon scales of Oxeuk {rCorr Int+5}
 53026 | Elf:3    | Identified the +11 whip "Jutiof" {spect, rN+ Dex+5}
 53160 | Elf:3    | Found the +3 pair of seven-league boots {Rampage+∞}
 53162 | Elf:3    | Got Kaclap's Secrets of Meteoric Lava
 53171 | Elf:3    | Got the Compilation of the Lonely Villages
 53174 | Elf:3    | Got the Omnibus of Weird Illusion
 53239 | Elf:3    | Identified the +1 sling of Pana {heavy, Int+4}
 53258 | Elf:3    | Identified the +0 scale mail of Barnacled Intercession
                  | {+Inv Will+}
 53709 | Swamp:1  | Entered Level 1 of the Swamp
 53726 | Swamp:1  | Reached skill level 1 in Maces & Flails
 53803 | Swamp:1  | Noticed Louise
 53818 | Swamp:1  | Killed Louise
 53940 | Swamp:1  | Noticed Mlioglotl
 53949 | Swamp:1  | Killed Mlioglotl
 54527 | Swamp:2  | Found a transporter.
 54935 | Swamp:2  | Found a transporter.
 55264 | Swamp:2  | Identified the ring of Finality {*Slow +Blink Will++ rCorr
                  | Int+6}
 55269 | Swamp:2  | Identified the +0 pair of gloves "Rirchoikhe" {Will+ Str+6
                  | Int-5}
 55542 | Swamp:3  | Found a snail-covered altar of Cheibriados.
 55699 | Swamp:3  | Reached skill level 5 in Maces & Flails
 56312 | Swamp:3  | Identified the +9 rapier of Kehusam {venom, rN++ Stlth+}
 56712 | Swamp:4  | Entered Level 4 of the Swamp
 57294 | Swamp:4  | Identified the +1 quarterstaff "Feqaxt" {drain, Int+4}
 57675 | Swamp:4  | Noticed Mara
 57689 | Swamp:4  | Killed Mara
 57690 | Swamp:4  | Reached XP level 20. HP: 156/196 MP: 20/20
 58189 | Swamp:4  | Noticed the 27-headed Lernaean hydra
 58189 | Swamp:4  | Noticed Donald
 58195 | Swamp:4  | Killed Donald
 58196 | Swamp:4  | Killed the 27-headed Lernaean hydra
 58313 | Swamp:4  | Got a decaying rune of Zot
 58353 | Swamp:4  | Identified the +0 plate armour of the Other Side {Rampage
                  | Will+ Int-4}
 58899 | D:15     | Killed ababab's ghost
 59034 | Vaults:1 | Entered Level 1 of the Vaults
 61085 | D:15     | Bought a phantom mirror for 760 gold pieces
 61575 | Vaults:2 | Found Qibirgha's Jewellery Emporium.
 62799 | Vaults:2 | Found the +8 longbow "Zephyr" {speed, Dex+3 SInv}
 62848 | Vaults:2 | Found a staircase to the Crypt.
 63074 | Vaults:2 | Reached XP level 21. HP: 207/207 MP: 21/21
 63295 | Vaults:3 | Found a large runed translucent door.
 63295 | Vaults:3 | Found a large runed translucent door.
 63295 | Vaults:3 | Noticed Adoajy's ghost (adept DsWr)
 63351 | Vaults:3 | Killed Adoajy's ghost
 64214 | Vaults:3 | Noticed Mennas
 64250 | Vaults:3 | Killed Mennas
 65098 | Vaults:3 | Found Heqoedoph's Antique Armour Shoppe.
 65216 | Vaults:3 | Noticed Boris
 65253 | Vaults:3 | Killed Boris
 65370 | Vaults:3 | Found a portal to a secret trove of treasure.
 65504 | Vaults:3 | You paid a toll of 5 scrolls of fear to enter a treasure
                  | trove
 65505 | Trove    | Entered a treasure trove
 65508 | Trove    | Found the +6 lightning scales {swift, rElec}
 65509 | Trove    | Identified the +0 ring mail of Ruotis {Regen+}
 65510 | Trove    | Identified the -1 kite shield of Proximity {Harm Int+3
                  | Dex+3}
 65512 | Trove    | Identified the +1 pair of gloves of Qazlal's Pride {rElec
                  | rCorr}
 65514 | Trove    | Identified the +0 crystal plate armour of Gravity {Rampage
                  | Fly rC+}
 65520 | Trove    | Identified the +0 barding "Lukhump" {rElec rPois rN+
                  | Stlth-}
 65522 | Trove    | Identified the +0 ring mail of the Elven Halls {Str+4}
 65536 | Trove    | Identified the +0 pair of gloves of Cukisohu {Str+5}
 65538 | Trove    | Identified the +2 barding of the Arcane {rPois rCorr Str-2
                  | Dex-3}
 65540 | Trove    | Identified the +3 robe "Voc Zuon" {+Blink Str+5 Dex-2
                  | Stlth+}
 65656 | Vaults:4 | Found Tegebe's Book Shop.
 65802 | Vaults:4 | Found Dabi's Book Boutique.
 66021 | Vaults:4 | Identified the +5 sling "Qik Jiha" {heavy, Str+4 Int+4
                  | Dex-5}
 67133 | Vaults:4 | Noticed a dread lich
 67150 | Vaults:4 | Killed a dread lich
 67287 | Vaults:4 | Reached XP level 22. HP: 211/216 MP: 22/22
 67552 | Vaults:4 | Found Bawn's Antique Armour Emporium.
 67563 | Vaults:4 | Bought a pair of ichor-stained gloves for 228 gold pieces
 67563 | Vaults:4 | Identified the +2 pair of gloves "Uhitiem" {-Tele Contam
                  | Dex+4 SInv} (You bought it in a shop on level 4 of the
                  | Vaults)
 67880 | Vaults:4 | Bought a potion of haste for 160 gold pieces
 67880 | Vaults:4 | Bought a potion of resistance for 160 gold pieces
 67880 | Vaults:4 | Bought a potion of mutation for 128 gold pieces
 67880 | Vaults:4 | Bought a potion of curing for 48 gold pieces
 67880 | Vaults:4 | Bought a potion of curing for 48 gold pieces
 67880 | Vaults:4 | Bought a potion of berserk rage for 80 gold pieces
 67880 | Vaults:4 | Bought a potion of curing for 48 gold pieces
 68914 | Depths:1 | Entered Level 1 of the Depths
 68976 | Depths:1 | Found a magical portal.
 69084 | WizLab   | Entered Wucad Mu's Monastery
 69277 | WizLab   | Found the crystal ball of Wucad Mu {*channel}
 69528 | WizLab   | Reached XP level 23. HP: 223/223 MP: 23/23
 69528 | WizLab   | Reached XP level 24. HP: 231/231 MP: 23/23
 69898 | Depths:1 | Found a gateway to Hell.
 70224 | Depths:1 | Reached skill level 10 in Maces & Flails
 70613 | Depths:1 | Found a one-way gate to the infinite horrors of the Abyss.
 71211 | Depths:2 | Found a one-way gate leading to the halls of Pandemonium.
 72222 | Depths:2 | Noticed Grunn
 72237 | Depths:2 | Killed Grunn
 72844 | Depths:3 | Noticed a juggernaut
 72868 | Depths:3 | Killed a juggernaut
 72913 | Depths:3 | Reached XP level 25. HP: 123/241 MP: 23/23
 73331 | Depths:4 | Entered Level 4 of the Depths
 73363 | Depths:4 | Noticed a juggernaut
 73592 | Depths:4 | Killed a juggernaut
 73700 | Depths:4 | Noticed Boris
 73725 | Depths:3 | Killed Boris
 74099 | Depths:4 | Identified the +9 trident of Suicidal Tendencies {protect,
                  | rC- Int+6}
 74164 | Depths:4 | Found a gate to the Realm of Zot.
 74484 | Depths:4 | Found a one-way gateway to a ziggurat.
 74931 | Depths:4 | Found Ibilommu's Antique Weapon Boutique.
 75390 | Hell     | Entered the Vestibule of Hell
 76019 | Slime:1  | Entered Level 1 of the Pits of Slime
 77982 | Slime:5  | Entered Level 5 of the Pits of Slime
 78582 | Slime:5  | Noticed the Royal Jelly
 79052 | Slime:5  | Killed the Royal Jelly
 79363 | Slime:5  | Got the Volume of the Planar Bane
 79374 | Slime:5  | Identified the +0 leather armour of Exzaolye {Str+6 Slay-3}
 79390 | Slime:5  | Identified the ring "Kisulub" {Fly Will+ rCorr MP-9 Str-5}
 79395 | Slime:5  | Identified the +0 robe of the New World {rC+ Will+ Slay+3}
 79422 | Slime:5  | Got a slimy rune of Zot
 79441 | Slime:5  | Identified the +3 trident of Eternal War {drain, rF+ Int+4
                  | SInv}
 79474 | Slime:5  | Identified the ring "Esol Sud" {Fire rCorr Int+2 Slay+3}
 79488 | Slime:5  | Identified the +4 halberd of Qafupn {speed, rF- Int+6}
 79968 | Vaults:5 | Entered Level 5 of the Vaults
 80007 | Vaults:5 | Reached skill level 17 in Evocations
 80012 | Vaults:5 | Reached XP level 26. HP: 261/261 MP: 23/23
 80023 | Vaults:5 | Noticed an ancient lich
 80031 | Vaults:5 | Noticed a dread lich
 80036 | Vaults:5 | Noticed a dread lich
 80042 | Vaults:5 | Reached skill level 18 in Evocations
 80042 | Vaults:5 | Killed a dread lich
 80043 | Vaults:5 | Killed an ancient lich
 80075 | Vaults:5 | Got Sif Muna's Volume of Kinetic Blasphemous Spells
 80386 | Vaults:5 | Identified the ring "Teloivvu" {rC+ rCorr MP+9 Int-4 Dex+6}
 80453 | Vaults:5 | Reached skill level 19 in Evocations
 80574 | Vaults:5 | Identified the +9 sling of Ghostly Conscience {flame, Str+6
                  | Int-2}
 80577 | Vaults:5 | Got Zeosche's Almanac of Entranced Conjuration
 80579 | Vaults:5 | Got Enuen's Lost Journal of Sif Muna
 80626 | Vaults:5 | Got Vucuhefuom's Omnibus of Disjunct Venom
 80629 | Vaults:5 | Identified the +1 fire dragon scales of Liberty {rF++ rC-
                  | Int-2 Dex+6 Stlth+}
 81041 | Vaults:5 | Killed a dread lich
 81339 | Vaults:5 | Got a silver rune of Zot
 81777 | Vaults:5 | Reached skill level 20 in Evocations
 81790 | Vaults:5 | Noticed an ancient lich
 81798 | Vaults:5 | Killed an ancient lich
 81826 | Vaults:5 | Got the Elucidation of the Retinue
 82114 | Vaults:5 | Identified the +5 flail of Wyvric's Death {holy, rElec}
 82114 | Vaults:5 | Identified the ring "Quodotso" {+Blink MP+9 Str+5 Dex+4}
 82449 | Vaults:5 | Bought an encrusted helmet for 342 gold pieces
 82449 | Vaults:5 | Identified the +0 helmet of Decompression {+Blink Str+2}
                  | (You bought it in a shop on level 5 of the Vaults)
 82451 | Vaults:5 | Bought a shimmering helmet for 342 gold pieces
 82451 | Vaults:5 | Identified the +0 helmet of the King of the Hill {Fly Str+3
                  | Dex-4} (You bought it in a shop on level 5 of the Vaults)
 83130 | Crypt:1  | Entered Level 1 of the Crypt
 83130 | Crypt:1  | Noticed Sojobo
 83141 | Crypt:1  | Paralysed by an air elemental for 1 turns
 83438 | Zot:1    | Entered Level 1 of the Realm of Zot
 83527 | Zot:1    | Got the Collected Works on the Evolved Gargoyle
 83850 | Zot:1    | Reached skill level 15 in Maces & Flails
 84259 | Zot:1    | Noticed an orb of fire
 84261 | Zot:1    | Gained mutation: You occasionally shout uncontrollably at
                  | your foes. [an orb of fire]
 84272 | Zot:1    | Killed an orb of fire
 85186 | Zot:2    | Reached skill level 21 in Evocations
 87033 | Zot:4    | Reached XP level 27. HP: 267/267 MP: 23/23
 87085 | Zot:4    | Noticed an orb of fire
 87092 | Zot:4    | Noticed an ancient lich
 87610 | Zot:5    | Entered Level 5 of the Realm of Zot
 87922 | Zot:5    | Reached skill level 22 in Evocations
 87995 | Zot:5    | Noticed an orb of fire
 87997 | Zot:5    | Noticed an orb of fire
 87998 | Zot:5    | Noticed an orb of fire
 88000 | Zot:5    | Noticed an orb of fire
 88002 | Zot:5    | Noticed a dread lich
 88009 | Zot:5    | Noticed a dread lich
 88012 | Zot:5    | Noticed an ancient lich
 88015 | Zot:5    | Killed an orb of fire
 88017 | Zot:5    | Noticed an orb of fire
 88024 | Zot:5    | Killed a dread lich
 88025 | Zot:5    | Noticed an orb of fire
 88027 | Zot:5    | Killed a dread lich
 88031 | Zot:5    | Killed an ancient lich
 88032 | Zot:5    | Reached skill level 23 in Evocations
 88035 | Zot:5    | Noticed a dread lich
 88044 | Zot:5    | Killed a dread lich
 88048 | Zot:5    | Noticed a dread lich
 88059 | Zot:5    | Killed an orb of fire
 88071 | Zot:5    | Killed a dread lich
 88073 | Zot:5    | Killed an orb of fire
 88739 | Zot:5    | Reached skill level 24 in Evocations
 89311 | Zot:5    | Got the Orb of Zot
 89329 | Zot:5    | Noticed Suogremm the pandemonium lord
 89802 | D:7      | Noticed Diem the pandemonium lord
 89956 | D:$      | Escaped with the Orb!

Illustrated notes

Levels and vault maps discovered:
D:1:      lightli_arrival_windingriver, layout_loops_cross,
          minmay_misc_feat_square, amcnicky_mini_rare_corridor_liquid,
          minmay_liquid_box, roderic_roman_lattice
D:2:      layout_basic, chequers_serial_rivers_large_a
D:3:      layout_loops_ring, overflow_temple_1_default,
          hangedman_abyss_or_decor_stabs, minmay_circle_x
D:4:      layout_gridville, mainiacjoe_overflow_cross_hatched,
          grunt_temple_overflow_growth_and_decay, roderic_serpentine_path,
          solitary_fountain, uniq_menkaure
D:5:      layout_rooms, due_unseen_surprise
D:6:      layout_loops_corners, mainiacjoe_overflow_alcove_2,
          minmay_temple_entry_glassed_door
D:7:      layout_gridville, nicolae_tso_besieged_by_evil, uniq_pikel,
          uniq_prince_ribbit1
D:8:      lemuel_insect_pit, layout_loops_cross,
          pdpol_wu_jian_five_deadly_venoms, serial_shops, nicolae_diamond_shop,
          worms_lemuel
D:9:      layout_loops_ring
D:10:     layout_roguey, grunt_dithmenos_smoke, mainiacjoe_overflow_alcove_4,
          serial_undead, serial_undead_d, serial_undead_a, serial_undead_a,
          serial_undead_a, serial_undead_f, serial_undead_a,
          gammafunk_ghost_necromancy
D:11:     layout_gridville, erik_lair_dragon, minmay_orc_entry_guard_dogs
D:12:     layout_grid_maze, st_stairs_7, minmay_misc_feat_roman
D:13:     layout_loops_corners, david_vaults_3, serial_shops,
          nicolae_shop_stone, minmay_more_statues
D:14:     cheibrodos_histonic, layout_basic, elyvilon_altar_5,
          lightli_fourway_metalbox
D:15:     grunt_enter_depths_hoard, layout_irregular_city,
          gammafunk_ghost_fury_of_okawaru, nicolae_specific_store, uniq_kirke
Temple:   compressed_dpeg_triangle_lava_temple
Lair:1:   beast_lair_carwin_large_4, layout_misc_corridors, lemuel_fruit_tree,
          lemuel_fruit_fields
Lair:2:   layout_big_grid, grunt_megastairs_1, serial_bayou_shore_b,
          serial_bayou_shore_a
Lair:3:   layout_chaotic_city, minmay_swamp_entry_wisps,
          minmay_snake_entry_six_corridors, enter_volcano_2,
          infiniplex_staircase_pool_2, uniq_fannar
Lair:4:   layout_regular_city, minmay_slime_entry_jelly_boxes
Lair:5:   hangedman_lair_tendril_chambers, layout_loops_ring,
          guppyfry_lair_end_dragon, hangedman_lair_generics_rect,
          lemuel_fruit_fields, serial_bayou_shore_b
Swamp:1:  layout_falls_marsh, nicolae_swamp_oxbows, swamp_pool5, uniq_louise,
          uniq_mlioglotl
Swamp:2:  gammafunk_worm_tunnel, layout_basic_swamp,
          nicolae_swamp_well_well_well, swamp_pool3
Swamp:3:  cheibrodos_swamp_mausoleum, layout_basic_swamp,
          nicolae_swamp_godswood, swamp_pool1, water_boxes_lemuel
Swamp:4:  grunt_swamp_rune_castle, layout_basic_swamp, uniq_donald, uniq_mara
Snake:1:  cheibrodos_toxic_ritual, layout_layer_cave
Snake:2:  layout_onion, serial_bayou_pond_a, grunt_megastairs_3,
          minmay_shop_star, uniq_vashnia, uniq_aizul, uniq_saint_roka,
          uniq_frances
Snake:3:  layout_grid_shapes, basic_altar, serial_shops, nicolae_shop_trees,
          beargit_elvish_explorers
Snake:4:  grunt_snake_rune_serpentine_throne, layout_onion, special_room,
          minmay_shoptagon
Slime:1:  cheibrodos_slime_lost_civilization_8, layout_caves
Slime:2:  layout_caves
Slime:3:  layout_caves, nicolae_slime_ancient_tower_intersection,
          uniq_dissolution
Slime:4:  layout_caves
Slime:5
Orc:1:    layout_diamond_mine
Orc:2:    st_orc_open, layout_caves, minmay_shop_mass, mines5_lemuel
Elf:1:    layout_geoelf_grid, hangedman_elf_represent, grunt_ministairs_1,
          minmay_elf_annihilation, minmay_shop_grove
Elf:2:    elven_hall_of_blades_hangedman_original [nicolae_blade_lattice],
          layout_geoelf_grid
Elf:3:    minmay_elf_hall_not_hex, layout_rooms, roderic_lattice_octagonal_star
Vaults:1: ontoclasm_vaults_pinch, nicolae_vaults_mush_room,
          nicolae_vaults_network_square, nicolae_vaults_ninety_degrees,
          v_misc_28, nicolae_vaults_bisected_slash, hangedman_vaults_locks,
          vaults_standard_mumra_enter_the_diamond,
          nicolae_vaults_sesquioval_fish, layout_vaults_ring
Vaults:2: nicolae_vaults_asterisk, minmay_crypt_entry_vampire_xt,
          vaults_room_fours, nicolae_vaults_shock_wave, vaults_mumra_hexcomb,
          ontoclasm_vaults_fault, nicolae_vaults_mitosis, v_misc_16,
          nicolae_vaults_little_ls, nicolae_vaults_tetromino_T_1,
          nicolae_vaults_apartment_1, nicolae_vaults_trapezoid_lopsided_2,
          nicolae_vaults_yaktaur_gun_rack, layout_vaults_chaotic_city,
          serial_shops, nicolae_shop_window_shopping
Vaults:3: advil_vaults_ghost_guards, v_misc_24, nicolae_vaults_house_2,
          hangedman_vaults_nodes, hangedman_vaults_slice,
          vaults_room_ringed_pool, v_pattern_1, nicolae_vaults_stepped_doors,
          nicolae_vaults_little_squares_1, nicolae_vaults_sesquioval_fish,
          hangedman_vaults_stream, st_more_cells, vaults_dpeg_hooks,
          ontoclasm_vaults_decontamination, layout_vaults_omnibox, serial_shops,
          shop, nicolae_trove_entry_columns, uniq_boris, uniq_mennas
Vaults:4: nicolae_vaults_you_can_take_it_with_you, v_misc_26,
          nicolae_vaults_spaceships, vaults_dpeg_encased_lava, v_misc_8,
          nicolae_vaults_ellipses_ellipsis, vaults_room_fours, v_alt_pattern_4,
          grunt_vaults_focal, nicolae_vaults_big_angled_halls,
          hangedman_vaults_nails, dpeg_vaults_monster_row, layout_vaults_maze,
          serial_shops, nicolae_shop_stone, shop, nicolae_shop_hallway_plus
Vaults:5
Crypt:1:  layout_gridlike, palyth_stone_intersect,
          lemuel_mausoleum_altar_kikubaaqudgha, uniq_bai_suzhen, uniq_sojobo
Depths:1: layout_long_grid, kennysheep_cross_bottleneck,
          infiniplex_enter_wizlab_glasses, abyss_entry, grunt_metal_band,
          minmay_misc_feat_alley, evilmike_minifort, serial_bayou_shore_b
Depths:2: minmay_crescents, layout_honeycomb, rand_demon_pan_entry_7,
          grunt_hell_entry_dis_grunt, uniq_grunn
Depths:3: minmay_octo_star, layout_basic, abyss_entry, hell_entry,
          infiniplex_staircase_river
Depths:4: grunt_zot_entry_tricorne, layout_honeycomb, enter_ziggurat_a,
          nicolae_lava_and_water, pf_dread_powers_of_hell, serial_shops,
          nicolae_shop_tiny_glass
Hell
Zot:1:    layout_basic, grunt_ministairs_10
Zot:2:    layout_gridlike
Zot:3:    layout_basic
Zot:4:    layout_basic, hangedman_player_shredder
Zot:5:    layout_basic

Skill      XL: |  1  2  3  4  5  6  7  8  9 10 11 12 13 14 15 16 17 18 19 20 21 22 23 24 25 26 27 |
---------------+----------------------------------------------------------------------------------+-----
Fighting       | 1 2 4 5 6 12 15 17 18 21 | 21.0
Stealth        | 2 4 6 9 10 11 12 | 12.0
Evocations     | 4 5 6 10 15 16 17 21 24 | 24.9
Armour         | 3 6 10 14 15 16 19 20 | 20.0
Short Blades   | 2 4 5 6 9 10 11 14 | 14.0
Dodging        | 1 2 |  2.0
Throwing       | 5 6 8 12 15 17 19 20 | 20.0
Shields        | 1 5 10 13 15 | 15.0
Ice Magic      | 2 6 8 |  8.0
Maces & Flails | 6 8 14 15 | 15.0

Action                     |  1- 3 |  4- 6 |  7- 9 | 10-12 | 13-15 | 16-18 | 19-21 | 22-24 | 25-27 || total
---------------------------+-------+-------+-------+-------+-------+-------+-------+-------+-------++-------
  Melee: Dagger            |   147 |   130 |   358 |   917 |  2316 |  1671 |       |       |       ||  5539
         Tailslap          |    16 |    16 |    56 |   154 |   519 |   416 |   621 |   184 |   412 ||  2394
         Punch             |     1 |     1 |     6 |       |       |       |       |       |       ||     8
         Whip              |    25 |       |       |       |       |       |   265 |       |   338 ||   628
         Demon blade       |       |       |       |       |    14 |       |       |       |       ||    14
         Unarmed           |       |       |       |       |       |     4 |       |       |       ||     4
         Rapier            |       |       |       |       |       |   139 |  1807 |    23 |       ||  1969
         Quick blade       |       |       |       |       |       |       |    19 |       |       ||    19
         Sacred scourge    |       |       |       |       |       |       |       |   658 |  1063 ||  1721
  Throw: Stone             |    14 |       |    24 |    49 |    12 |       |       |       |       ||    99
         Boomerang         |       |    23 |    44 |       |    53 |   260 |    68 |     5 |    31 ||   484
         Dart              |       |     6 |    94 |   280 |   107 |    77 |    43 |       |     3 ||   610
         Javelin           |       |       |     4 |    46 |    19 |    64 |    55 |    37 |    24 ||   249
   Cast: Ozocubu's Armour  |       |       |       |     1 |    15 |       |       |       |       ||    16
         Frozen Ramparts   |       |       |       |       |    38 |       |       |       |       ||    38
 Invoke: Potion Petition   |       |       |       |     1 |     2 |       |       |       |       ||     3
         Call Merchant     |       |       |       |       |     3 |       |     2 |     3 |     1 ||     9
         Bribe Branch      |       |       |       |       |       |       |       |       |     3 ||     3
  Evoke: Wand              |     3 |    12 |    28 |    22 |     6 |    22 |    18 |     1 |     3 ||   115
         Condenser vane    |       |       |       |       |     1 |     2 |     4 |     1 |     1 ||     9
         Phial of floods   |       |       |       |       |       |     1 |     1 |       |     1 ||     3
         Phantom mirror    |       |       |       |       |       |       |     1 |       |     1 ||     2
         Box of beasts     |       |       |       |       |       |       |       |       |     2 ||     2
    Use: Scroll            |       |     5 |     3 |    20 |    10 |     4 |     7 |     8 |    12 ||    69
         Potion            |       |       |       |     4 |     9 |     2 |     2 |     3 |    16 ||    36
   Stab: Sleeping          |     1 |     2 |     8 |    14 |    15 |       |       |       |       ||    40
         Paralysed         |       |     2 |       |     2 |     4 |       |       |       |       ||     8
         Distracted        |       |       |       |     5 |     6 |     6 |    24 |     1 |    30 ||    72
         Invisible         |       |       |       |     2 |     2 |     1 |     3 |       |       ||     8
         Confused          |       |       |       |       |       |       |     3 |       |       ||     3
 Armour: Leather armour    |    45 |       |       |       |    61 |       |       |       |       ||   106
         Ring mail         |    27 |    50 |    88 |   166 |   165 |       |       |       |       ||   496
         Robe              |       |       |       |    22 |    48 |       |       |       |       ||    70
         Gold dragon scale |       |       |       |       |   343 |   909 |  1251 |   459 |   650 ||  3612
  Dodge: Dodged            |    51 |    46 |   102 |   356 |   304 |    22 |   105 |    48 |    85 ||  1119
  Block: Buckler           |       |       |       |   164 |       |       |       |       |       ||   164
         Kite shield       |       |       |       |       |  1050 |  1036 |  1776 |   574 |   859 ||  5295
         Reflection        |       |       |       |       |    34 |   216 |    73 |     4 |    27 ||   354
         Tower shield      |       |       |       |       |   383 |   423 |       |       |       ||   806
         Other             |       |       |       |       |       |     1 |       |       |       ||     1
